 Dungeon Sprint DCSS version 0.24.0-37-gcf1ca852f1 (webtiles) character file.

Game seed: 9591104297683028556, levelgen mode: deterministic

242 Burgietje the Firebug (level 5, -8/52 HPs)
             Began as a Draconian Fire Elementalist on Nov 22, 2019.
             Was a Believer of Qazlal.
             Splashed by an acid dragon (shapeshifter)'s acid (11 damage)
             ... in the Dungeon (Sprint V: "Ziggurat Sprint").
             The game lasted 00:01:23 (182 turns).

Burgietje the Firebug (Draconian Fire Elementalist)  Turns: 182, Time: 00:01:24

Health: -8/52      AC:  4    Str: 22    XL:     5   Next: 81%
Magic:  9/10       EV:  7    Int: 16    God:    Qazlal [**....]
Gold:   0          SH: 17    Dex: 12    Spells: 7/8 levels left

rFire    + . .     SeeInvis .   G - +8 lance "Wyrmbane" {slay drac, rPois rF+ rC+ AC+3}
rCold    + . .     Gourm    .   a - +3 large shield
rNeg     . . .     Faith    .   (armour unavailable)
rPois    +         Spirit   .   (helmet restricted)
rElec    .         Reflect  .   (no cloak)
rCorr    .         Harm     .   (no gloves)
MR       .....     NoTele   +   (no boots)
Stlth    ++........             (no amulet)
HPRegen  0.17/turn              A - +6 ring of strength
MPRegen  0.12/turn              B - +6 ring of strength

@: corroded
A: unfitting armour, cold-blooded, AC +5
a: Upheaval, Renounce Religion


You were in the Dungeon.
You worshipped Qazlal.
Qazlal was pleased with you.
You were not hungry.

You visited 1 branch

Inventory:

Hand Weapons
 u - a +5 broad axe
 G - the +8 lance "Wyrmbane" (weapon) {slay drac, rPois rF+ rC+ AC+3}
   (You found it in the Dungeon)

   It affects your AC (+3).
   It protects you from fire.
   It protects you from cold.
   It protects you from poison.
Armour
 a - a +3 large shield (worn)
Magical Staves
 F - an uncursed staff of energy
Jewellery
 v - an uncursed ring of flight
 w - a +6 ring of dexterity
 x - a +6 ring of dexterity
 y - a +6 ring of intelligence
 z - a +6 ring of intelligence
 A - a +6 ring of strength (left hand)
 B - a +6 ring of strength (right hand)
 I - an uncursed ring of protection from magic
Wands
 C - a wand of disintegration (7)
 D - a wand of iceblast (7)
 E - a wand of acid (7)
Scrolls
 h - 4 scrolls of blinking
 o - 4 scrolls of amnesia
 p - 7 scrolls of fog
 q - a scroll of holy word
 r - 5 scrolls of identify
 s - 5 scrolls of remove curse
 t - 2 scrolls of fear
 J - 4 scrolls of enchant weapon
Potions
 c - 10 potions of curing
 d - 10 potions of heal wounds
 e - 6 potions of haste
 f - 7 potions of magic
 g - 3 potions of berserk rage
 i - 2 potions of brilliance
 j - 2 potions of invisibility
 k - 4 potions of resistance
 l - a potion of experience
 m - 5 potions of agility
 n - 5 potions of might
Comestibles
 b - 7 rations
 H - 3 chunks of flesh


   Skills:
 + Level 7.5 Fighting
 - Level 1.7 Dodging
 - Level 1.7 Stealth
 - Level 2.0 Spellcasting
 - Level 1.0 Conjurations
 + Level 7.6 Fire Magic
 + Level 7.5 Invocations


You had 7 spell levels left.
You knew the following spells:

 Your Spells              Type           Power        Failure   Level  Hunger
a - Flame Tongue          Conj/Fire      ###..        67%         1    #......

Your spell library contained the following spells:

 Spells                   Type           Power        Failure   Level  Hunger
 Throw Flame              Conj/Fire      ###...       80%         2    ###....
 Conjure Flame            Conj/Fire      ###.....     95%         3    ###....
 Inner Flame              Hex/Fire       ##......     98%         3    ###....
 Confusing Touch          Hex            #.....       99%         1    #......
 Confuse                  Hex            #.......     100%        3    ###....
 Gell's Gravitas          Tloc           #.........   100%        3    ###....
 Petrify                  Tmut/Erth      #.......     100%        4    #####..
 Sticky Flame             Conj/Fire      ###.....     100%        4    #####..
 Fireball                 Conj/Fire      ###.......   100%        5    ######.
 Metabolic Englaciation   Hex/Ice        #.........   100%        5    ######.
 Yara's Violent Unravell  Hex/Tmut       #.........   100%        5    ######.


Dungeon Overview and Level Annotations

Branches:
Dungeon (1/1)

Altars:
Ashenzari
Cheibriados
Dithmenos
Elyvilon
Fedhas
Gozag
Hepliaklqana
Kikubaaqudgha
Makhleb
Nemelex Xobeh
Okawaru
Qazlal
Ru
Sif Muna
Trog
Uskayaw
Vehumet
Wu Jian
Xom
Yredelemnul
Zin
The Shining One
Beogh
Jiyva
Lugonu

Annotations:
D 1 transporter


Innate Abilities, Weirdness & Mutations

Your plain brown scales are hard. (AC +5)
You cannot fit into any form of body armour.
You are cold-blooded and may be slowed by cold attacks.


Message History

You are too injured to fight recklessly!
You puncture the centaur!
You kill the centaur!
Qazlal accepts your kill.
You can now call upon nature to destroy your foes.
The centaur's shape twists and changes as it dies.
Your Fighting skill increases to level 7!
Your Fire Magic skill increases to level 7!
Your Invocations skill increases to level 7!
The naga changes into a soldier ant!
The hog bites you! You block the acid dragon's attack.
The acid dragon claws you. The hog completely misses you.
You puncture the acid dragon!
The acid dragon convulses!
The acid dragon is heavily wounded.
The hog changes into a harpy!
The acid dragon spits acid at you. The splash of acid hits you!
* * * LOW HITPOINT WARNING * * *
The acid corrodes you!
You are splashed with acid!
You die...

▓▓▓▓▓▓▓▓▓▓▓▓▓▓▓▓▓▓▓
▓.8©8.▓.8©8.▓.8©8.▓
▓.::=.▓.).[.▓.....▓
▓..}..▓.....▓.....▓
▓..a..▓.....▓..÷÷.▓
▓.H†D.▓.††..▓.....▓
▓..@..▓.....▓..©..▓
▓.○©☼.▓..©..▓▓▓▓▓▓▓
▓▓▓▓▓▓▓▓▓▓▓▓▓


You could see a harpy shaped shifter, a soldier ant shaped shifter and an acid
dragon.

Vanquished Creatures
  A centaur (shapeshifter) (D)
  3 scorpions (D)
  An adder (D)
  A ball python (D)
6 creatures vanquished.

Notes
Turn   | Place    | Note
-------+----------+-------------------------------------------
     0 | D        | Burgietje the Draconian Fire Elementalist began the quest
                  | for the Orb.
     0 | D        | Reached XP level 1. HP: 14/14 MP: 3/3
     0 | D        | Found a blossoming altar of Fedhas.
     1 | D        | Found the +6 Majin-Bo {vamp, Archmagi MP+6 Int+6}
     1 | D        | Found the +7 great mace "Firestarter" {inner flame, rF++}
     6 | D        | Found a shimmering blue altar of Sif Muna.
     6 | D        | Found a sacrificial altar of Ru.
     6 | D        | Found a bloodstained altar of Trog.
     6 | D        | Found a stormy altar of Qazlal.
     6 | D        | Found an iron altar of Okawaru.
     6 | D        | Found a sparkling altar of Nemelex Xobeh.
     8 | D        | Found a transporter.
     8 | D        | Found an ancient bone altar of Kikubaaqudgha.
     8 | D        | Found a viscous altar of Jiyva.
     8 | D        | Found a corrupted altar of Lugonu.
     8 | D        | Found a hazy altar of Hepliaklqana.
     8 | D        | Found a burning altar of Makhleb.
     8 | D        | Found an opulent altar of Gozag.
    38 | D        | Found the +9 heavy crossbow "Sniper" {velocity, Acc+∞ SInv}
    38 | D        | Found the +10 dark maul {crush}
    38 | D        | Found the +15 Maxwell's patent armour {-Cast -Tele rElec
                  | MR+ rCorr}
    38 | D        | Found the +18 shield of the Gong {rElec rN+ MR+ EV-5}
    38 | D        | Found the cursed +14 obsidian axe {chop, +Fly SInv *Curse}
    39 | D        | Found the +6 shillelagh "Devastator" {shatter}
    39 | D        | Found the +11 plutonium sword {*Contam Stlth-}
    39 | D        | Found the +8 lance "Wyrmbane" {slay drac, rPois rF+ rC+
                  | AC+3}
    39 | D        | Found the +9 sword of Zonguldrok {reap}
    39 | D        | Found the cursed +13 scythe of Curses {drain, *Curse}
    39 | D        | Found the +0 sword of Power
    39 | D        | Found the +7 mace of Variability {chain chaos}
    39 | D        | Found the +7 Singing Sword {slice, sonic wave}
    39 | D        | Found the +8 storm bow {elec, penet}
    61 | D        | Became a worshipper of Qazlal Stormbringer
    73 | D        | Entered arena 2.
    73 | D        | Found a transporter.
    80 | D        | Reached XP level 2. HP: 22/25 MP: 5/5
   116 | D        | Entered arena 3.
   116 | D        | Noticed a scorpion
   116 | D        | Noticed a scorpion
   116 | D        | Noticed a scorpion
   116 | D        | Found a transporter.
   121 | D        | Killed a scorpion
   121 | D        | Reached * piety under Qazlal
   121 | D        | Reached skill level 5 in Fire Magic
   121 | D        | Reached XP level 3. HP: 34/34 MP: 6/6
   124 | D        | Killed a scorpion
   124 | D        | Reached skill level 5 in Fighting
   124 | D        | Reached skill level 5 in Invocations
   124 | D        | Reached XP level 4. HP: 42/42 MP: 6/8
   129 | D        | Reached XP level 5. HP: 43/51 MP: 6/9
   174 | D        | Entered arena 4.
   174 | D        | Noticed a centaur
   174 | D        | Noticed a hog
   174 | D        | Noticed an acid dragon
   174 | D        | Noticed a steam dragon
   174 | D        | Found a transporter.
   175 | D        | Found the ring of the Octopus King {rC+ AC+1 EV+1 Str+1
                  | Int+1 Dex+1}
   175 | D        | Noticed a naga
   175 | D        | a steam dragon changed into a naga
   181 | D        | Killed a centaur
   181 | D        | Reached ** piety under Qazlal
   181 | D        | Noticed a soldier ant
   181 | D        | a naga changed into a soldier ant
   182 | D        | Noticed a harpy
   182 | D        | a hog changed into a harpy
   182 | D        | Splashed by an acid dragon (shapeshifter)'s acid

Levels and vault maps discovered:
D:        sprint_v [room_start, room_1, room_2, room_3, room_4, room_5, room_6,
          room_7, room_8, room_9, room_10, room_11, room_12, room_13, room_14,
          room_15, room_16, room_17, room_18, room_19, room_20, room_21,
          room_22, room_23, room_24, room_25, room_26, room_27]

Skill      XL: |  1  2  3  4  5 |
---------------+----------------+-----
Fighting       | 2 4 5 6 7 |  7.5
Invocations    | 2 4 5 6 7 |  7.5
Fire Magic     | 5 6 7 |  7.6
Dodging        | |  1.7
Stealth        | |  1.7
Spellcasting   | |  2.0
Conjurations   | |  1.0

Action                   |  1- 3 |  4- 6 || total
-------------------------+-------+-------++-------
Melee: Lance             |    13 |    12 ||    25
       Tailslap          |     3 |     2 ||     5
 Stab: Sleeping          |     1 |       ||     1
Armor: Skin              |     2 |     7 ||     9
Dodge: Dodged            |     2 |     2 ||     4
Block: Large shield      |     8 |    17 ||    25
